[Event "Romanian Superleague 2022"]
[Site "Oradea"]
[Date "2022.09.25"]
[Round "5.22"]
[White "Filip, Andrei"]
[Black "Nevednichy, Vladislav"]
[Result "1/2-1/2"]
[ECO "C06"]
[WhiteElo "2356"]
[BlackElo "2472"]
[Annotator "TA"]
[PlyCount "103"]
[EventDate "2022.09.21"]
[EventType "team-tourn"]
[EventCountry "ROU"]
[SourceTitle "playchess.com"]
[Source "ChessBase"]
[SourceQuality "1"]
[TimeControl "40/5400+30:1800+30"]

1. e4 e6 2. d4 d5 3. Nd2 Be7 4. Ngf3 Nf6 5. Bd3 c5 6. e5 Nfd7 7. c3 Nc6 8. Bc2 {[%emt 0:23:27] C06: French Tarrasch: 3...Nf6 4 e5 Nfd7 5 Bd3 main lines.} b6 9. O-O Ba6 10. Re1 cxd4 11. cxd4 Nb4 12. Bb1 Nd3 13. Re3 Nxc1 14. Qxc1 Rc8 15. Rc3 O-O 16. Rxc8 Qxc8 {[%emt 0:00:20] [#]} 17. Qd1 $146 ({Predecessor:} 17. Bc2 Be2 18. Qb1 g6 19. Bd3 Bxd3 20. Qxd3 Qc6 21. Nb3 Rc8 22. Ne1 Bb4 23. g3 {½-½ (41) Boswell,J (1903)-Mason,D (2120) Bolton 2018}) 17... Qc6 18. Bc2 Rc8 19. Rc1 {[%emt 0:00:20][%cal Oc2h7] [#] aiming for Bxh7+!} Bd3 20. Ne1 Bg6 21. g3 f6 22. Nb3 {[%emt 0:02:23] Strongly threatening exf6.} Bxc2 23. Rxc2 Qb7 24. Qg4 Rc6 25. f4 fxe5 26. fxe5 Nf8 27. Rf2 Qc8 28. Qf3 {[%emt 0:01:12] Threatens to win with Qf7+.} Qe8 {[%emt 0:00:22] Against Qf7+} 29. Nd3 a5 30. Nf4 a4 31. Nd2 Rc1+ 32. Nf1 b5 33. Kg2 Rc4 34. Qd1 Bg5 35. Ne3 Rc7 36. Qg4 Bxf4 37. gxf4 a3 38. bxa3 (38. f5 $11 {remains equal.}) 38... Rc3 $17 39. Rf3 ({Better is} 39. Re2) 39... Qg6 (39... Rxa3 $17 40. f5 Rxa2+ 41. Kh1 (41. Rf2 Ra3 $17) 41... Ra1+ 42. Kg2 b4) 40. f5 $11 Qxg4+ 41. Nxg4 {[%emt 0:04:01][%mdl 4096] Endgame KRN-KRN} Rc4 42. Rd3 Kf7 (42... Rc2+ $11 43. Kg3 Rxa2) 43. Ne3 $14 Ra4 44. Kf2 (44. Kg3 $16) 44... h5 {[%emt 0:17:04] [#]} ({Black should play} 44... g5 $1 $14) 45. fxe6+ (45. h4 $1 $16) 45... Nxe6 $11 {[%emt 0:03:46] The position is equal.} 46. Nxd5 {[%emt 0:06:41] Nb4 is the strong threat.} Nxd4 47. Nb6 Ra6 48. Rxd4 Rxb6 49. Ke3 Ra6 50. Rd3 Ra4 51. Rb3 Ke6 52. Rxb5 {[%emt 0:01:44] Weighted Error Value: White=0.12 (very precise) /Black=0.10 (very precise)} 1/2-1/2

[Event "Romanian Superleague 2022"]
[Site "Oradea"]
[Date "2022.09.25"]
[Round "5.23"]
[White "Stoleriu, George"]
[Black "Ciorgovean, Iustin"]
[Result "1/2-1/2"]
[ECO "B30"]
[WhiteElo "2392"]
[BlackElo "2314"]
[Annotator "TA"]
[PlyCount "84"]
[EventDate "2022.09.21"]
[EventType "team-tourn"]
[EventCountry "ROU"]
[SourceTitle "playchess.com"]
[Source "ChessBase"]
[SourceQuality "1"]
[TimeControl "40/5400+30:1800+30"]

1. e4 c5 2. Nf3 Nc6 3. Bb5 e6 4. Bxc6 bxc6 5. d3 Qc7 6. Nbd2 {[%emt 0:04:38] B30: Sicilian: 2...Nc6 3 Bb5, lines without ...g6.} Ne7 7. O-O Ng6 {[%emt 0:03:26] Against e5} 8. b3 Be7 9. Bb2 e5 10. Nc4 d6 11. Ne3 {[%emt 0:10:19] Inhibits f5.} O-O {[%emt 0:02:32] [#]} 12. Nf5 $146 ({Predecessor:} 12. Ne1 f5 13. exf5 Bxf5 14. Nxf5 Rxf5 15. g3 Raf8 16. Ng2 Bg5 17. Bc1 Bxc1 18. Rxc1 {0-1 (53) Lickleder,A (2155)-Dvoretzky,M (2475) Bayern 1997}) 12... Bf6 13. Nd2 Qd8 14. Nc4 {[%emt 0:07:21] Pair of Knights!} d5 15. Nce3 Be6 16. Qf3 a5 (16... d4 $11) 17. a4 d4 18. Nc4 Bxc4 19. bxc4 Nh4 20. Nxh4 Bxh4 21. Qg4 Be7 22. f4 exf4 23. Bc1 {[%emt 0:07:49] White is more active.} Bd6 24. Bxf4 Bxf4 25. Qxf4 f6 {[%emt 0:04:47] Against Qe5} 26. Rab1 Rb8 {[%emt 0:01:17] Against Rb7} 27. Rxb8 Qxb8 $16 {[%emt 0:00:01][%mdl 4096] Endgame KQR-KQR} 28. Qf5 (28. Qg4 $5 ) 28... Qd6 {[%emt 0:00:27] Inhibits Qe6+.} 29. Rb1 (29. g4 $14) 29... Rb8 {[%emt 0:01:11] The position is equal.} 30. Rb7 Rxb7 31. Qc8+ Kf7 {[%emt 0:00:07] [#] ( -> ...Rb1+)} 32. Qxb7+ $11 {[%emt 0:00:03] KQ-KQ} Kg6 33. g3 Qe6 34. Qb1 Qg4 35. Qf1 h5 36. Kg2 h4 37. Qe1 hxg3 38. hxg3 Qh5 39. Qf1 Qg4 40. Qe1 Qh5 41. Qf1 Qg4 42. Qf4 Qd1 {[%emt 0:02:57] Weighted Error Value: White=0.05 (flawless) /Black=0.05 (flawless)} 1/2-1/2

[Event "Romanian Superleague 2022"]
[Site "Oradea"]
[Date "2022.09.25"]
[Round "5.24"]
[White "Carmaciu, Lucian-Catalin"]
[Black "Danilov, Vladimir"]
[Result "1-0"]
[ECO "A45"]
[WhiteElo "2376"]
[BlackElo "2378"]
[Annotator "TA"]
[PlyCount "71"]
[EventDate "2022.09.21"]
[EventType "team-tourn"]
[EventCountry "ROU"]
[SourceTitle "playchess.com"]
[Source "ChessBase"]
[SourceQuality "1"]
[TimeControl "40/5400+30:1800+30"]

1. d4 Nf6 2. Bf4 e6 3. e3 b6 4. Qf3 Nc6 5. Nc3 Bb7 6. O-O-O {[%emt 0:00:10] A45: Trompowsky Attack.} (6. Nge2 {keeps more tension.} Nxd4 7. Qxb7 Nxc2+ 8. Kd2) 6... Be7 (6... Qe7 $11) 7. e4 $14 d6 {[%emt 0:09:34] [#]} 8. e5 $146 ({Better is} 8. d5 $16 {Black must now prevent Bb5.} exd5 9. exd5) ({Predecessor:} 8. d5 exd5 9. exd5 Nb8 10. Bb5+ Nbd7 11. Nge2 O-O 12. Nd4 Ne5 13. Bxe5 dxe5 14. Nc6 {1-0 (36) Gascon del Nogal,J (2425)-Zavgorodniy,S (2418) Chess.com INT 2020}) 8... Nd7 9. Bb5 d5 10. h4 a6 11. Be2 (11. Bxc6 $5 Bxc6 12. Qg3 $14) 11... b5 12. Qg4 g6 13. Nf3 h5 14. Qh3 (14. Qg3 $14) 14... Nb6 (14... Na5 $11) 15. Ng5 Qd7 16. g4 b4 {[%emt 0:04:33] Inhibits a3.} 17. Nb1 Nd8 18. gxh5 gxh5 19. Nd2 $36 {[%emt 0:01:17][%mdl 2048] And now Nb3 would win. White has the initiative.} a5 20. Nb3 {[%emt 0:03:37] Nc5 is the strong threat. White is much more active.} Ba6 $2 {[%emt 0:00:21] A mistake that costs the game.} (20... Qc6 $11 {and Black is okay.}) 21. Bxa6 $18 Rxa6 {[%emt 0:00:02] [#]} 22. Nc5 $1 Bxc5 (22... Qb5) 23. dxc5 Na4 $2 (23... Qa4) 24. Ne4 {[%emt 0:00:31] White is clearly winning.} dxe4 25. Rxd7 Kxd7 26. Qf1 Rc6 27. Qb5 Kc8 28. Qxa4 Rxc5 29. Rd1 c6 30. a3 bxa3 31. Qxa3 Nb7 32. Be3 Rb5 33. Qe7 Rd8 34. Rxd8+ Nxd8 35. Bg5 Rd5 36. Qe8 {[%emt 0:00:10] Weighted Error Value: White=0.10 (very precise) /Black=0.53} 1-0

[Event "Romanian Superleague 2022"]
[Site "Oradea"]
[Date "2022.09.25"]
[Round "5.25"]
[White "Pranav Vijay"]
[Black "Nguyen, Thai Dai Van"]
[Result "1/2-1/2"]
[ECO "B45"]
[WhiteElo "2265"]
[BlackElo "2627"]
[Annotator "TA"]
[PlyCount "106"]
[EventDate "2022.09.21"]
[EventType "team-tourn"]
[EventCountry "ROU"]
[SourceTitle "playchess.com"]
[Source "ChessBase"]
[SourceQuality "1"]
[TimeControl "40/5400+30:1800+30"]

1. e4 c5 2. Nf3 e6 3. d4 cxd4 4. Nxd4 Nc6 5. Nc3 Nf6 6. Nxc6 bxc6 7. e5 Nd5 8. Ne4 Bb7 9. c4 {[%emt 0:03:31] B45: Sicilian Four Knights.} ({White should try} 9. Be2 $14) 9... Nb4 $1 $11 10. Bd2 c5 11. Bxb4 (11. Bg5 $2 Qb8 12. Nc3 (12. Nd6+ $2 Bxd6 13. Qxd6 Nc2+ 14. Kd2 Qxd6+ 15. exd6 Nxa1 $17) 12... Qxe5+ 13. Be3 O-O-O $17) 11... cxb4 12. Nd6+ Bxd6 13. Qxd6 Qb6 {[%emt 0:00:37] [#]} 14. a3 $146 (14. c5 $11 Qxd6 15. exd6) ({Predecessor:} 14. O-O-O Qxd6 15. Rxd6 Ke7 16. Rd4 f6 17. exf6+ gxf6 18. Rh4 Rac8 19. b3 Rc5 20. Rg1 {½-½ (63) Gokerkan,C (2445)-Vorobiov,E (2499) Ayvalik 2022}) 14... bxa3 $15 15. b4 f6 $1 {[%emt 0:00:35] ...fxe5 is the strong threat.} ({Much less strong is} 15... Qxd6 16. exd6 f5 17. Rxa3 $14) 16. Rd1 (16. b5 $1 $15) 16... O-O-O (16... Qxd6 $6 17. exd6 Kf7 18. Ra1 $15) 17. Qd2 ({Only move:} 17. Be2 $1 $15) 17... a5 (17... fxe5 $17 {Threatens to win with ...Rhf8.} 18. c5 Qc6) 18. b5 $1 $11 Qc5 $36 {[%emt 0:00:35][%mdl 2048] Black is more active.} 19. exf6 ({Better is} 19. Be2 $15) 19... gxf6 $17 20. Qxa5 {[%emt 0:06:30] [#]} Rhg8 (20... d5 $1 $17 21. Rc1 d4) 21. Be2 (21. h4 $11) 21... Rxg2 22. Rf1 Rxh2 {[%emt 0:02:50] Strongly threatening ...Rg8.} 23. Rd3 Rh4 (23... Qxc4 $2 24. Rc3 Qxc3+ 25. Qxc3+ Kb8 26. Qg3+ d6 27. Qxh2 $18) 24. Rxa3 (24. Rc3 $17) 24... Re4 ({Black should play} 24... d5 $19 25. b6 Qxa5+ 26. Rxa5 dxc4) 25. Rg1 h5 (25... Qxc4 26. Rc3 Rxe2+ 27. Kf1 Re4+ 28. Rxc4+ Rxc4 29. Rg3 $16) (25... Qe5 $17 26. Qd2 Rxc4) 26. Rag3 $1 $15 Qc7 ({Resist} 26... Qxc4 27. Rc3 Rxe2+ 28. Kd1 $14) (26... e5 $17) 27. Qxc7+ Kxc7 28. Rg8 Rxg8 29. Rxg8 {[%emt 0:00:02][%mdl 4096] Endgame KRB-KRB} h4 30. Kd2 Rf4 31. Ke3 Re4+ 32. Kd2 Rf4 33. Ke3 e5 {[%emt 0:00:27] aiming for ...Re4+.} ({Reject} 33... Re4+ $6 34. Kd3 $17) 34. c5 Re4+ 35. Kd2 Rf4 (35... Rd4+ $17 36. Ke1 Bd5) 36. Rg7 (36. Ke3 $1 $11) 36... Rxf2 (36... Be4 $15 37. c6 Bf5) 37. c6 $11 {[%emt 0:00:48] The position is equal.} Bxc6 38. bxc6 Kxc6 {[%emt 0:00:03] KRB-KR} 39. Rg4 h3 {[%emt 0:02:04] [#] Hoping for ...h2.} 40. Rh4 d5 41. Rxh3 f5 42. Rh5 Kd6 43. Ke3 Rf4 44. Rh8 Re4+ 45. Kd2 Ra4 46. Rf8 Ra2+ 47. Ke1 Ke6 48. Bh5 Ra4 49. Kd2 Rd4+ 50. Ke1 Rh4 51. Bg6 Rf4 52. Bh7 e4 53. Rd8 Rg4 {[%emt 0:01:43] Weighted Error Value: White=0.15 (very precise) /Black=0.19 (very precise)} 1/2-1/2

[Event "Romanian Superleague 2022"]
[Site "Oradea"]
[Date "2022.09.25"]
[Round "5.26"]
[White "Nisipeanu, Liviu-Dieter"]
[Black "Grigore, George-Gabriel"]
[Result "1/2-1/2"]
[ECO "D36"]
[WhiteElo "2633"]
[BlackElo "2455"]
[Annotator "TA"]
[PlyCount "65"]
[EventDate "2022.09.21"]
[EventType "team-tourn"]
[EventCountry "ROU"]
[SourceTitle "playchess.com"]
[Source "ChessBase"]
[SourceQuality "1"]
[TimeControl "40/5400+30:1800+30"]

1. d4 d5 2. c4 e6 3. Nc3 Nf6 4. cxd5 exd5 5. Bg5 Be7 6. e3 c6 7. Bd3 Nbd7 8. Nge2 Nf8 9. Qc2 Ne6 10. Bh4 g6 11. h3 {[%emt 0:06:54] D36: Queen's Gambit Declined: Exchange Variation: Main line (5 Bg5 c6 6 Qc2).} Nh5 12. Bxe7 Qxe7 13. O-O-O {[%emt 0:01:53] The position is equal.} Nc7 14. Kb1 {[%emt 0:06:36] [#]} Ng7 $146 ({Predecessor:} 14... Bd7 15. Nc1 Ng7 16. Rhe1 O-O 17. f3 b6 18. Qf2 Rad8 19. e4 Be6 20. g4 c5 21. dxc5 Qxc5 {½-½ (65) Bruzon Batista,L (2669)-Wang,C (2521) Danzhou 2015}) 15. g4 O-O 16. Nf4 Nge6 17. Nce2 {[%emt 0:08:16] White is much more active. The black rooks are badly placed.} (17. Ng2 $14) 17... Nxf4 18. Nxf4 Ne6 19. Qd2 Bd7 20. Nxe6 Bxe6 21. f4 Rae8 22. f5 Bc8 23. Rde1 gxf5 24. gxf5 Qf6 25. Qf2 Kh8 26. Qf4 Rg8 27. Rhg1 {[%emt 0:00:16] Prevents Qg5.} Rxg1 28. Rxg1 Bd7 29. Ka1 Rc8 30. Bb1 b6 31. h4 c5 32. a3 (32. dxc5 $16 {Rd1 is the strong threat.} bxc5 33. e4 dxe4 34. Bxe4) 32... c4 $11 33. Qe5 {[%emt 0:03:33] Weighted Error Value: White=0.17 (very precise) /Black=0.15 (very precise)} 1/2-1/2

[Event "Romanian Superleague 2022"]
[Site "Oradea"]
[Date "2022.09.25"]
[Round "5.27"]
[White "Istratescu, Andrei"]
[Black "Mendonca, Leon Luke"]
[Result "0-1"]
[ECO "D37"]
[WhiteElo "2408"]
[BlackElo "2558"]
[Annotator "RC"]
[PlyCount "134"]
[EventDate "2022.09.21"]
[EventType "team-tourn"]
[EventCountry "ROU"]
[SourceTitle "playchess.com"]
[Source "ChessBase"]
[SourceQuality "1"]
[TimeControl "40/5400+30:1800+30"]

1. d4 Nf6 2. c4 e6 3. Nf3 d5 4. Nc3 a6 5. cxd5 exd5 6. Bg5 Be6 7. e3 Nbd7 8. Bd3 Bd6 9. Qc2 c6 10. Bf4 Qc7 11. Bxd6 Qxd6 12. O-O O-O 13. a3 Bg4 14. Nd2 Bh5 15. Rfe1 Bg6 16. h3 Rfe8 17. Rac1 a5 18. Na4 Re6 19. Qb3 b5 20. Nc5 Nxc5 21. Rxc5 Nd7 22. Rcc1 Nb6 23. Bxg6 hxg6 24. Qc2 Rae8 25. Qc5 Qb8 26. b3 a4 27. bxa4 Nxa4 28. Qb4 Qa7 29. Nb3 Ra8 30. Re2 Nb6 31. Nc5 Ree8 32. Ra2 Qe7 33. Qb3 Ra5 34. Nd3 Nc4 35. a4 Rea8 36. Rca1 Qa7 37. Nc5 Nb6 38. Qc2 bxa4 39. Ra3 Qc7 40. g3 Qc8 41. Kg2 Qc7 42. h4 Qe7 43. Qe2 Qf6 44. Qg4 Kh7 45. R1a2 Rb5 46. Qe2 Qf5 47. Ra1 Rba5 48. R1a2 Kh8 49. Ra1 Kg8 50. R1a2 g5 51. hxg5 Qxg5 52. Qc2 Qe7 53. Ra1 g6 54. Qe2 Qg5 55. Qc2 Qe7 56. Qe2 Kg7 57. Qg4 Rh8 58. Rh1 Rxh1 59. Kxh1 Rb5 60. Kg2 Rb2 61. Qf4 Nc4 62. Rxa4 Nxe3+ 63. Kg1 Ng4 64. Nd3 Rb1+ 65. Kg2 Qe2 66. Ra7 Qf1+ 67. Kf3 Qd1+ 0-1

[Event "Romanian Superleague 2022"]
[Site "Oradea"]
[Date "2022.09.25"]
[Round "5.28"]
[White "Ghimpu, Samuel-Timotei"]
[Black "Vedmediuc, Serghei"]
[Result "1/2-1/2"]
[ECO "D11"]
[WhiteElo "2434"]
[BlackElo "2430"]
[Annotator "TA"]
[PlyCount "142"]
[EventDate "2022.09.21"]
[EventType "team-tourn"]
[EventCountry "ROU"]
[SourceTitle "playchess.com"]
[Source "ChessBase"]
[SourceQuality "1"]
[TimeControl "40/5400+30:1800+30"]

1. d4 d5 2. Nf3 Nf6 3. c4 c6 4. g3 Bf5 5. Nc3 e6 6. Qb3 {[%emt 0:00:00] D11: Slav Defence: 3 Nf3 sidelines and 3...Nf6 4 e3 Bg4.} Qb6 7. c5 Qxb3 8. axb3 Be7 9. b4 O-O (9... Na6 $5 ) 10. Bf4 h6 11. h4 a6 12. e3 Nbd7 13. Be2 {[%emt 0:00:00] [#]} Ne4 $146 ({Predecessor:} 13... Rfe8 14. Ne5 Nxe5 15. Bxe5 Nd7 16. g4 Bh7 17. Bc7 Bf6 18. f4 g5 19. hxg5 hxg5 {½-½ (73) Prozorovsky,V (2465)-Mirkowski,P (2425) ICCF email 2019}) 14. Rg1 (14. Ne5 {keeps more tension.} Nxe5 15. Bxe5 f6 16. Bc7) 14... Nxc3 15. bxc3 Bg4 16. Nd2 Bxe2 17. Kxe2 g5 18. hxg5 hxg5 19. Nb3 {[%emt 0:00:00] White is more active.} (19. Bc7 $16) 19... Kg7 $11 (19... gxf4 $2 20. gxf4+ Kh8 21. Rg3 $18) 20. Bd6 Bxd6 21. cxd6 Nf6 22. Nc5 b6 23. Nxa6 Rfd8 24. b5 Rxd6 25. Nb4 $1 Rxa1 26. Rxa1 cxb5 {[%emt 0:00:14][%mdl 4096] Endgame KRN-KRN} 27. g4 Ne4 28. Rc1 Rd8 29. f3 Nd6 30. Rh1 Nc4 31. e4 dxe4 32. fxe4 f6 33. Ra1 $1 Rd7 34. Ra8 Rc7 35. Ra1 (35. Re8 $11 {is more appropriate.}) 35... Rd7 (35... Kg6 $15 {was preferrable.} 36. Rh1 Ra7) 36. Ra8 Rc7 37. Re8 Kf7 38. Rh8 {[%emt 0:00:00] [#] Hoping for Rh7+.} Ke7 39. Rh6 Nd6 40. Kd3 Nf7 41. Rh1 Rd7 42. Ke2 Kf8 43. Ra1 Rc7 44. Ra3 Nd6 45. Kd3 {[%emt 0:00:30] The position is equal.} Rh7 {[%emt 0:00:30] [#] And now ...Rh3+ would win.} 46. Ra8+ Kf7 {[%emt 0:00:30] White must now prevent ...Rh3+.} 47. Ra7+ Kg6 48. Rxh7 Kxh7 {[%emt 0:00:30] KN-KN} 49. Nc6 Kg6 50. e5 Nc4 51. exf6 Kxf6 52. Ke4 Nd6+ 53. Kd3 Kf7 54. Ke3 Ne8 55. Ne5+ Ke7 56. Nf3 Nf6 57. Nxg5 Nxg4+ 58. Kd3 Kd6 59. c4 bxc4+ 60. Kxc4 Nf6 61. Kb5 Nd7 62. Nf7+ Kc7 63. Ng5 Nf8 64. Nh3 Ng6 65. Ng5 Nf4 66. Kc4 Kd6 67. Kb5 Nd5 68. Nxe6 Kxe6 69. Kc6 Ne7+ 70. Kxb6 Kd5 71. Kc7 Kxd4 {[%emt 0:00:15] Weighted Error Value: White=0.07 (flawless) /Black=0.06 (flawless)} 1/2-1/2

[Event "Romanian Superleague 2022"]
[Site "Oradea"]
[Date "2022.09.25"]
[Round "5.29"]
[White "Manea, Alexandru"]
[Black "David, Alexandru-Vasile"]
[Result "1/2-1/2"]
[ECO "C00"]
[WhiteElo "2326"]
[BlackElo "2417"]
[Annotator "TA"]
[PlyCount "94"]
[EventDate "2022.09.21"]
[EventType "team-tourn"]
[EventCountry "ROU"]
[SourceTitle "playchess.com"]
[Source "ChessBase"]
[SourceQuality "1"]
[TimeControl "40/5400+30:1800+30"]

1. Nf3 d5 2. g3 e6 3. Bg2 b6 4. O-O Bb7 5. d3 Nf6 6. Nbd2 Be7 7. e4 O-O 8. e5 Nfd7 9. Re1 c5 10. Nf1 Nc6 11. h4 Qc7 12. Bf4 Rfc8 $1 {[%emt 0:00:21][%mdl 4] is recently more successful than 12...d4. C00: French: Unusual White 2nd moves.} 13. h5 h6 {[%emt 0:00:43] [#]} 14. Ne3 $146 ({Predecessor:} 14. N1h2 Qd8 15. Qd2 Bf8 16. g4 Ne7 17. g5 Nf5 18. Ng4 hxg5 19. Bxg5 Be7 20. Bf4 {0-1 (64) Ghasi,A (2485)-Harvey,M (2440) Chess.com INT 2020}) 14... Nf8 ({Don't take} 14... Ndxe5 15. Nxe5 (15. Nxd5 exd5 16. Nxe5 Nxe5 $11) 15... Nxe5 16. Ng4 $16) 15. c3 Qd8 16. Qd2 Nh7 17. Rad1 $1 b5 18. c4 bxc4 19. dxc4 d4 20. Nc2 Rab8 21. b3 a5 22. a4 Bg5 23. Na3 Na7 {[%emt 0:10:47] [#] And now ...Bxf3 would win.} 24. Nb5 Nxb5 (24... Bxf3 $11 25. Bxf3 Nc6) 25. axb5 $16 Bxf4 26. Qxf4 Qb6 27. Ra1 {[%emt 0:00:17] White is more active.} Rf8 28. Ra2 Rbd8 29. Qd2 Ra8 30. Rea1 Qc7 (30... Be4 $16) 31. Rxa5 $18 Bxf3 32. Rxa8 Rxa8 33. Rxa8+ Bxa8 34. Bxa8 {[%emt 0:00:07][%mdl 4096] Endgame KQB-KQN} Nf8 35. f4 Qa7 36. Be4 Nd7 37. Kh2 f6 (37... Kf8 $142 38. Bc6 Kg8) 38. exf6 Nxf6 {[%emt 0:00:07] [#]} 39. Bf3 Qa3 (39... Kf8 $142 40. b4 Kf7) 40. Qc2 {[%emt 0:00:00] Hoping for b6.} Qb4 41. Kg2 Qa5 42. Kf2 (42. Qe2 $142 Kf7 43. g4) 42... Kf8 (42... Kf7 {might work better.} 43. Qg6+ Kg8) 43. Ke2 $2 (43. Qe2 $18) 43... Ke7 (43... Qa1 $1 $14) 44. Kf2 (44. Kf1 $142) 44... Kf8 $1 45. Kg2 Kg8 $1 46. Qe2 Kf7 47. Qc2 Kg8 $1 {[%emt 0:30:01] Weighted Error Value: White=0.45/Black=0.28 (precise)} 1/2-1/2

[Event "Romanian Superleague 2022"]
[Site "Oradea"]
[Date "2022.09.25"]
[Round "5.30"]
[White "Berescu, Alin-Mile"]
[Black "Antonica, Dragos-Andrei"]
[Result "1-0"]
[ECO "C11"]
[WhiteElo "2440"]
[BlackElo "2321"]
[Annotator "TA"]
[PlyCount "137"]
[EventDate "2022.09.21"]
[EventType "team-tourn"]
[EventCountry "ROU"]
[SourceTitle "playchess.com"]
[Source "ChessBase"]
[SourceQuality "1"]
[TimeControl "40/5400+30:1800+30"]

1. e4 e6 2. d4 d5 3. Nc3 Nf6 4. e5 Nfd7 5. f4 c5 6. Nf3 Nc6 7. Be3 Qb6 8. Na4 {[%emt 0:03:11] C11: French: Classical System: 4 e5 and 4 Bg5 dxe4.} Qc7 9. Nxc5 {[%emt 0:03:39] Nd3 is the strong threat.} Nxc5 (9... Nxd4 $1 $14 10. Bxd4 Nxc5) 10. dxc5 $16 {[%emt 0:00:43] [#] White is better.} Bd7 $146 ({Predecessor:} 10... Qa5+ 11. Qd2 Qxd2+ 12. Nxd2 d4 13. Bf2 Bxc5 14. Nb3 Bb4+ 15. Ke2 O-O 16. Rd1 Rd8 {½-½ (41) Stukenborg,R (1308)-Doepper,A (906) Arendsee 2009}) 11. c3 f6 12. exf6 gxf6 13. f5 (13. Bd3 $18) 13... e5 $1 $14 14. Nh4 (14. Qxd5 $14 Ne7 15. Qc4) 14... O-O-O $11 15. Qxd5 Ne7 $1 ({Don't do} 15... Bxf5 16. Qf3 Be6 17. Be2 $16 (17. Qxf6 Qd7 $16)) 16. Qf7 Qc6 {[%emt 0:04:48] White must now prevent ...Qe4.} 17. Bd3 {[%emt 0:08:39] Against Qe4} (17. Qc4 $1 $11) 17... Be8 $1 $15 {[%emt 0:05:15][%mdl 1024] Black has compensation.} 18. Qc4 Nd5 19. Bf2 Bf7 (19... Nf4 $15 20. Be2 Qc7) 20. Qb5 Nf4 21. Qxc6+ bxc6 22. Be4 Bd5 23. Bxd5 Nd3+ 24. Ke2 Rxd5 25. Rhd1 e4 (25... Nxb2 $11 26. Rxd5 cxd5) 26. b4 $1 $16 Bh6 27. Bd4 Bg5 28. g3 Rhd8 29. a3 Rf8 (29... R8d7 $16 {was worth a try.} 30. Ng2 Rxf5) 30. Rf1 $18 Ne5 31. Rad1 Ng4 32. h3 Nh6 33. Be3 Rfd8 34. Rxd5 Rxd5 35. Bd4 (35. c4 $18 Rd3 36. Ng2) 35... Bxh4 $16 36. gxh4 Nxf5 {[%emt 0:00:10][%mdl 4096] Endgame KRB-KRN} 37. Rf4 $1 Kd7 (37... Nxd4+ $16 {might work better.} 38. cxd4 f5) 38. Bxf6 $18 Ng3+ {[%emt 0:00:27] [#]} 39. Ke1 $1 Nh5 40. Rf2 Rd3 41. Bd4 {[%emt 0:04:10] Hoping for Rf5.} Ke6 {[%emt 0:04:22][%mdl 8192] Inhibits Rf5. This move loses the game for Black.} (41... Rxh3 $16 42. a4 (42. Rf7+ Ke6 $16) 42... a6 43. Rf7+ Ke6 44. Rxh7 Nf4) 42. Rf8 {[%emt 0:07:49][%cal Ob4b5] Threatens to win with b5!} Ng3 $2 (42... Rxh3 {keeps fighting.} 43. Re8+ Kd7 44. Rxe4 Rf3) 43. b5 cxb5 44. c6 {[%emt 0:00:08] Intending c7 and mate.} Rf3 45. Rxf3 exf3 {[%emt 0:00:02] KB-KN} 46. c7 Kd7 47. Kf2 ({Not} 47. Bxa7 Ne4 $11) 47... Nf5 48. Bxa7 Kxc7 $2 (48... Nxh4 49. Bb6 Kc8) 49. h5 Kb7 50. Bc5 Kc6 51. Bf8 Nh4 52. Be7 Nf5 53. Bf6 Kd5 54. Kxf3 Ke6 55. Bh8 Nd6 56. Bd4 Nc4 $2 {[%emt 0:00:27] [#]} (56... Kf5 57. Bg7 Ne8) 57. Bc5 $1 {[%emt 0:00:09] White is clearly winning.} Kf5 58. Bf8 Ke5 (58... Na5 $142 59. Ke3 Ke5 60. Bg7+ Ke6) 59. Kg4 Nd2 60. Kg5 {[%emt 0:00:49] And now Kh6 would win.} Ne4+ 61. Kh6 Ng3 62. Bc5 Kf6 63. Bf2 Ne4 64. Bd4+ Kf7 65. Kxh7 Ng5+ 66. Kh6 Nf3 67. Bf2 Kf6 68. Be3 Kf7 69. Bd4 {[%emt 0:00:05] Weighted Error Value: White=0.25 (precise) /Black=0.35} 1-0

[Event "Romanian Superleague 2022"]
[Site "Oradea"]
[Date "2022.09.26"]
[Round "6.1"]
[White "Tarlev, Konstantin"]
[Black "Nguyen, Thai Dai Van"]
[Result "1/2-1/2"]
[ECO "D37"]
[WhiteElo "2576"]
[BlackElo "2627"]
[Annotator "TA"]
[PlyCount "40"]
[EventDate "2022.09.21"]
[EventType "team-tourn"]
[EventCountry "ROU"]
[SourceTitle "playchess.com"]
[Source "ChessBase"]
[SourceQuality "1"]
[TimeControl "40/5400+30:1800+30"]

1. d4 Nf6 2. c4 e6 3. Nf3 d5 4. Nc3 Be7 5. Bf4 O-O 6. e3 Nbd7 7. c5 Nh5 {[%emt 0:00:24] The position is equal.} 8. Bd3 {[%emt 0:00:55] D37: Queen's Gambit Declined: 5 Bf4.} Nxf4 9. exf4 b6 10. b4 a5 11. a3 c6 12. O-O Ba6 {[%emt 0:00:10] seems to push 12...Qc7 aside.} 13. g3 Bf6 14. Ne5 Bxe5 15. fxe5 Bxd3 16. Qxd3 f6 17. f4 fxe5 18. fxe5 {[%emt 0:00:39] [#]} Rxf1+ $146 ({Predecessor:} 18... axb4 19. axb4 Rxf1+ 20. Qxf1 b5 21. h4 Nf8 22. Qc1 Rxa1 23. Qxa1 h5 24. Kf2 Ng6 {½-½ (39) Kudrya,A-Boulanger,M (2178) ICCF email 2018}) 19. Rxf1 axb4 20. axb4 b5 {[%emt 0:01:39] A balanced but interesting game.  Weighted Error Value: White=0.02 (flawless) /Black=0.01 (flawless)} 1/2-1/2